 Dungeon Crawl Stone Soup version 0.23-a0-558-g30802b1 (webtiles) character file.

18155 nikopol the Thaumaturge (level 12, -7/61 HPs)
             Began as a Deep Elf Fire Elementalist on Dec 10, 2018.
             Was an Elder of Vehumet.
             Mangled by a spectral wolf spider (10 damage)
             ... in a Gauntlet on Dec 11, 2018.
             The game lasted 00:55:19 (13846 turns).

nikopol the Thaumaturge (DEFE)                     Turns: 13846, Time: 00:55:20

Health: -7/61      AC: 17    Str:  5    XL:     12   Next: 25%
Magic:  23/47      EV: 15    Int: 26    God:    Vehumet [****..]
Gold:   1013       SH:  0    Dex: 15    Spells: 19/39 levels left

rFire    . . .     SeeInvis .   l - staff of power
rCold    . . .     Gourm    .   (no shield)
rNeg     . . .     Faith    .   M - +3 ring mail {rPois}
rPois    +         Spirit   .   (no helmet)
rElec    .         Reflect  .   G - +2 cloak {MR+}
rCorr    .         Harm     .   k - +1 pair of gloves
MR       +++..     NoTele   +   q - +1 pair of boots
Stlth    ++........             (no amulet)
HPRegen  0.20/turn              e - ring of protection from magic
MPRegen  0.30/turn              r - +4 ring of evasion

@: very slightly contaminated, slowed, drained, very slow
A: no striking features
a: Renounce Religion


You were in a Gauntlet.
You worshipped Vehumet.
Vehumet was greatly pleased with you.
You were very hungry.

You visited 3 branches of the dungeon, and saw 15 of its levels.
You also visited: Ossuary and Gauntlet.

You collected 1013 gold pieces.

Inventory:

Hand Weapons
 d - a +2 short sword of venom
Armour
 k - a +1 pair of gloves (worn)
 q - a +1 pair of boots (worn)
 y - a scarf of repulsion
 G - a +2 cloak of magic resistance (worn)
 M - a +3 ring mail of poison resistance (worn)
 S - a +2 robe of fire resistance
Magical Staves
 l - an uncursed staff of power (weapon)
Jewellery
 e - a ring of protection from magic (left hand)
 p - an uncursed ring of protection from cold
 r - a +4 ring of evasion (right hand)
 z - an uncursed ring of see invisible
 I - an uncursed amulet of faith {unknown}
Wands
 a - a wand of polymorph (6)
 t - a wand of acid (6)
 B - a wand of random effects (21)
 H - a wand of disintegration (14)
 J - a wand of digging (6)
 L - a wand of paralysis (9)
 P - a wand of flame (12)
Scrolls
 g - 3 scrolls of enchant armour
 m - 6 scrolls of teleportation
 v - 3 scrolls of remove curse
 w - 3 scrolls of amnesia
 C - 7 scrolls of identify
 K - 2 scrolls of fear
 O - a scroll of vulnerability {unknown}
Potions
 f - 2 potions of magic
 h - 3 potions of cancellation
 i - 3 potions of haste
 j - 5 potions of brilliance
 s - 6 potions of heal wounds
 u - 4 potions of might
 A - 7 potions of curing
 D - 2 potions of mutation
 E - 2 potions of resistance
 F - 3 potions of agility
 N - 3 potions of flight
Comestibles
 c - 35 rations


   Skills:
 + Level 1.4(1.2) Fighting
 + Level 6.9(6.6) Armour
 + Level 4.5(4.3) Dodging
 + Level 4.7(4.4) Stealth
 + Level 14.0(13.7) Spellcasting
 + Level 11.1(10.8) Conjurations
 + Level 11.1(10.8) Fire Magic
 + Level 0.1(0.0) Evocations


You had 19 spell levels left.
You knew the following spells:

 Your Spells              Type           Power        Failure   Level  Hunger
a - Flame Tongue          Conj/Fire      #####        1%          1    None
b - Throw Flame           Conj/Fire      ######       1%          2    None
c - Conjure Flame         Conj/Fire      ######..     1%          3    None
d - Sticky Flame          Conj/Fire      ######..     1%          4    None
e - Fireball              Conj/Fire      ######....   1%          5    ##.....
f - Venom Bolt            Conj/Pois      #####.....   10%         5    ##.....

Your spell library contained the following spells:

 Spells                   Type           Power        Failure   Level  Hunger
 Inner Flame              Hex/Fire       #####...     1%          3    None
 Yara's Violent Unravell  Hex/Tmut       ###.......   58%         5    ##.....
 Cause Fear               Hex            ###.......   75%         4    None
 Silence                  Hex/Air        ###.......   97%         5    ##.....
 Deflect Missiles         Chrm/Air       ###.......   100%        6    ####...
 Discord                  Hex            ###.......   100%        8    #######


Dungeon Overview and Level Annotations

Branches:
Dungeon (11/15)            Temple (1/1) D:4            Lair (3/6) D:10
 Shoals (0/4) Lair:3          Orc (0/2) D:9
  Snake: Lair:2-4    Spider: Lair:2-4

Altars:
Ashenzari
Cheibriados
Dithmenos
Elyvilon
Fedhas
Gozag
Hepliaklqana
Kikubaaqudgha
Makhleb
Nemelex Xobeh
Okawaru
Qazlal
Ru
Sif Muna
Trog
Uskayaw
Vehumet
Wu Jian
Xom
Yredelemnul
Zin
The Shining One
Lugonu

Shops:
D:6 *   D:7 :   D:8 ==   D:9 *

Annotations:
Gauntlet 7 transporters


Message History

The spectral wolf spider barely misses you.
The spectral centaur warrior closely misses you.
The death drake is engulfed in blazing flames.
The spectral wolf spider hits you but does no damage.
The spectral wolf spider misses you.
The spectral centaur warrior hits you but does no damage.
Casting: Conjure Flame (safe; 1% risk of failure)
Confirm with . or Enter, or press ? or * to list all spells.
Aiming: Sticky Flame (safe; 1% risk of failure)
Press: ? - help, Shift-Dir - straight line, f - spectral centaur warrior
Aim: a spectral centaur warrior The sticky flame hits the spectral centaur warrior.
The spectral centaur warrior is moderately damaged.
The spectral wolf spider hits you but does no damage.
The spectral wolf spider bites you.
* * * LOW HITPOINT WARNING * * *
The spectral centaur warrior closely misses you.
The spectral centaur warrior is engulfed in blazing flames.
The spectral wolf spider hits you!
You die...

.....#.#.#...###.#...#.##..
©....#.#..G?©G[..#...#.. !©
##################...###
©...........©#..........
######.#######.....⌠....
.....#.#................
.....#.###########...###
###..#.#....§Z.k.#...#..
#..#.#.#.##.##@#...#Y.
#..#.#...#..#ZZ#...#9.
#..#.#..##.##."#...#9#
#..#©#..#.©#..©#...#©.
#..###.##.##.#)#...#=#
#....#.#..#..#!#...#}.
#8...#.#.##.##.#...#..
###..#.........#...#..
#..######### #..


You could see a catoblepas, a death drake, an eye of devastation, a spectral
wolf spider, 2 spectral centaur warriors, 2 molten gargoyles and a floating eye.

Vanquished Creatures
  2 hydras
  A two-headed ogre (D:10)
  A sixfirhy (Gauntlet)
  Pikel (D:4)
  2 oklob plants (Lair:1)
  2 black mambas
  A merfolk siren (Lair:3)
  Joseph (D:9)
  A spiny frog (Lair:1)
  An ice devil (Gauntlet)
  3 komodo dragons
  2 trolls (D:10)
  Prince Ribbit (D:9)
  8 blink frogs
  3 hippogriffs
  2 dream sheep (D:8)
  Sigmund (D:4)
  A meliai zombie (Gauntlet)
  12 yaks
  2 wyverns (D:10)
  A wraith (D:10)
  A basilisk (D:10)
  Grum (D:10)
  6 water moccasins
  2 porcupines
  2 ice beasts
  3 black bears
  A swamp drake (D:10)
  A sky beast (D:9)
  A hornet zombie (D:10)
  A phantom (D:6)
  An ogre (D:9)
  6 wolves
  A centaur (D:8)
  4 big kobolds
  8 crocodiles
  Blork the orc (D:4)
  2 bullfrogs
  5 gnoll sergeants (D:8)
  4 scorpions
  4 wights (D:10)
  An electric eel (D:6)
  5 bullfrog zombies
  2 crimson imps
  4 centaur zombies
  A quasit (D:7)
  2 centaur skeletons (D:10)
  9 hounds
  A jelly (D:6)
  2 orc priests
  A bullfrog skeleton (D:10)
  3 gnoll shamans (D:8)
  An iguana (D:7)
  19 mummies
  4 worker ants
  3 killer bee zombies
  2 hound zombies
  2 hound skeletons
  Robin (D:2)
  A worker ant zombie (D:7)
  10 adders
  22 gnolls (D:8)
  4 white imps (Gauntlet)
  An ooze (D:4)
  An adder skeleton (D:4)
  3 worms
  2 dart slugs
  4 leopard geckos
  21 orcs
  4 bats
  4 giant cockroaches (D:1)
  2 gnoll zombies (D:7)
  20 goblins
  13 hobgoblins
  17 jackals
  14 kobolds
  6 quokkas
  4 ball pythons
  3 frilled lizards
  A jackal zombie (Ossuary)
  2 leopard gecko zombies
  4 quokka zombies (Ossuary)
  10 rats
  3 plants (Lair:1)
343 creatures vanquished.

Vanquished Creatures (others)
  2 fungi (Lair:2)
  15 plants (Lair:2)
17 creatures vanquished.

Grand Total: 360 creatures vanquished

Notes
Turn   | Place    | Note
-------+----------+-------------------------------------------
     0 | D:1      | nikopol the Deep Elf Fire Elementalist began the quest for
                  | the Orb.
     0 | D:1      | Reached XP level 1. HP: 10/10 MP: 6/6
   117 | D:1      | Reached XP level 2. HP: 15/15 MP: 5/8
   606 | D:1      | Reached XP level 3. HP: 19/19 MP: 7/10
  1118 | D:2      | Found a sparkling altar of Nemelex Xobeh.
  1152 | D:2      | Noticed Robin
  1157 | D:2      | Killed Robin
  1233 | D:2      | Learned a level 2 spell: Throw Flame
  1237 | D:2      | Learned a level 3 spell: Conjure Flame
  1270 | D:2      | Reached skill level 4 in Spellcasting
  1270 | D:2      | Reached XP level 4. HP: 8/24 MP: 4/12
  1495 | D:2      | Learned a level 4 spell: Sticky Flame
  2782 | D:3      | Found a shadowy altar of Dithmenos.
  2831 | D:3      | Reached XP level 5. HP: 28/28 MP: 14/14
  3102 | D:3      | Found a shattered altar of Ashenzari.
  3151 | D:4      | Reached skill level 5 in Spellcasting
  3188 | D:4      | Found a staircase to the Ecumenical Temple.
  3213 | Temple   | Entered the Ecumenical Temple
  3399 | D:4      | Noticed a slave
  3426 | D:4      | Noticed a slave
  3426 | D:4      | Noticed a slave
  3433 | D:4      | Noticed a slave
  3433 | D:4      | Noticed Pikel
  3492 | D:4      | Noticed Blork the orc
  3510 | D:4      | Killed Blork the orc
  3510 | D:4      | Reached skill level 6 in Spellcasting
  3510 | D:4      | Reached skill level 5 in Fire Magic
  3510 | D:4      | Reached XP level 6. HP: 32/32 MP: 17/17
  3570 | D:4      | Found a glowing silver altar of Zin.
  3570 | D:4      | Found a glowing golden altar of the Shining One.
  3571 | D:4      | Found a white marble altar of Elyvilon.
  3664 | D:4      | Noticed Sigmund
  3677 | D:4      | Killed Sigmund
  3677 | D:4      | Reached skill level 1 in Armour
  3772 | D:4      | Killed Pikel
  3772 | D:4      | Reached skill level 7 in Spellcasting
  3772 | D:4      | Reached XP level 7. HP: 36/36 MP: 17/19
  3873 | D:4      | Learned a level 5 spell: Fireball
  3879 | D:4      | Reached XP level 8. HP: 36/41 MP: 21/21
  4000 | D:5      | Entered Level 5 of the Dungeon
  4386 | D:5      | Found an ancient bone altar of Kikubaaqudgha.
  4433 | D:5      | Reached skill level 8 in Spellcasting
  4433 | D:5      | Reached skill level 5 in Conjurations
  4856 | D:6      | Found a hide-covered altar of Uskayaw.
  4857 | D:6      | Found a radiant altar of Vehumet.
  4857 | D:6      | Found a sacrificial altar of Ru.
  4867 | D:6      | Became a worshipper of Vehumet
  5030 | D:6      | Reached skill level 9 in Spellcasting
  5030 | D:6      | Reached XP level 9. HP: 35/46 MP: 16/24
  5178 | D:6      | Found Qalup's General Store.
  6153 | D:7      | Found an iron altar of Okawaru.
  6209 | D:7      | Found Imurho's Book Shoppe.
  6235 | D:7      | Found a sand-covered staircase.
  6239 | Ossuary  | Entered an ossuary
  6387 | Ossuary  | Reached * piety under Vehumet
  6387 | Ossuary  | Offered knowledge of Magic Dart by Vehumet.
  6573 | Ossuary  | Reached skill level 10 in Spellcasting
  7093 | D:7      | Found a hazy altar of Hepliaklqana.
  7094 | D:7      | Found an opulent altar of Gozag.
  7198 | D:7      | Found a snail-covered altar of Cheibriados.
  7202 | D:7      | Reached ** piety under Vehumet
  7202 | D:7      | Offered knowledge of Freeze by Vehumet.
  7344 | D:7      | Found a basalt altar of Yredelemnul.
  7931 | D:8      | Noticed a two-headed hydra
  7937 | D:8      | Reached XP level 10. HP: 51/51 MP: 26/26
  7940 | D:8      | Killed a two-headed hydra
  7940 | D:8      | Reached skill level 11 in Spellcasting
  8077 | D:8      | Offered knowledge of Static Discharge by Vehumet.
  8077 | D:8      | Reached skill level 5 in Armour
  8209 | D:8      | Found Tifen's Jewellery Shop.
  8330 | D:8      | Identified the +1 leather armour of the Enchanted Forest
                  | {rElec rC- Dex+3}
  8355 | D:8      | Reached *** piety under Vehumet
  8459 | D:8      | Found Ocwulets's Jewellery Boutique.
  8816 | D:9      | Noticed Prince Ribbit
  8823 | D:9      | Killed Prince Ribbit
  8943 | D:9      | Found a staircase to the Orcish Mines.
  9103 | D:9      | Offered knowledge of Ignite Poison by Vehumet.
  9185 | D:9      | Found an opulent altar of Gozag.
  9185 | D:9      | Found Gozag's Platinum Reserve.
  9421 | D:9      | Noticed Joseph
  9427 | D:9      | Killed Joseph
  9723 | D:10     | Entered Level 10 of the Dungeon
  9747 | D:10     | Noticed a two-headed ogre
  9750 | D:10     | Killed a two-headed ogre
  9881 | D:10     | Reached XP level 11. HP: 55/55 MP: 28/28
  9897 | D:10     | Noticed Grum
  9902 | D:10     | Killed Grum
  9902 | D:10     | Reached skill level 12 in Spellcasting
 10124 | D:10     | Reached **** piety under Vehumet
 10486 | D:10     | Offered knowledge of Venom Bolt by Vehumet.
 10693 | D:10     | Found a staircase to the Lair.
 10931 | Lair:1   | Entered Level 1 of the Lair of Beasts
 11024 | Lair:1   | Reached skill level 10 in Fire Magic
 11174 | Lair:1   | Reached skill level 10 in Conjurations
 11197 | Lair:1   | Noticed an oklob plant
 11197 | Lair:1   | Noticed an oklob plant
 11333 | Lair:1   | Killed an oklob plant
 11333 | Lair:1   | Reached skill level 13 in Spellcasting
 11338 | Lair:1   | Killed an oklob plant
 11571 | Lair:1   | Upgraded the game from 0.23-a0-554-gd3cbc84 to
                  | 0.23-a0-558-g30802b1
 11883 | Lair:1   | Identified a scroll of acquirement
 12278 | Lair:2   | Noticed a six-headed hydra
 12296 | Lair:2   | Killed a six-headed hydra
 12296 | Lair:2   | Reached skill level 1 in Fighting
 12624 | Lair:2   | Reached XP level 12. HP: 60/60 MP: 31/31
 13223 | Lair:2   | Reached skill level 14 in Spellcasting
 13591 | Lair:3   | Found a staircase to the Shoals.
 13620 | Lair:3   | Found a gate leading to a gauntlet.
 13629 | Gauntlet | Entered a Gauntlet
 13629 | Gauntlet | Found a transporter.
 13629 | Gauntlet | Found a transporter.
 13633 | Gauntlet | Found a transporter.
 13633 | Gauntlet | Found a transporter.
 13643 | Gauntlet | Found a transporter.
 13656 | Gauntlet | Found a transporter.
 13723 | Gauntlet | Learned a level 5 spell: Venom Bolt
 13733 | Gauntlet | Found a transporter.
 13769 | Gauntlet | Found a transporter.
 13789 | Gauntlet | Found a transporter.
 13791 | Gauntlet | Found a transporter.
 13825 | Gauntlet | Found a transporter.
 13844 | Gauntlet | Found a transporter.
 13844 | Gauntlet | Noticed a catoblepas
 13846 | Gauntlet | HP: 3/61 [spectral wolf spider (4)]
 13846 | Gauntlet | Mangled by a spectral wolf spider

Vault maps used:
D:1:      lemuel_arrival_behind_the_door_large, minmay_distorted
D:2:      nemelex_xobeh_ov_fountains_minmay, minivault_14, uniq_robin
D:3:      ashenzari_altar_1, grunt_dithmenos_smoke_and_mirrors
D:4:      black_bear_nest_1, good_gods_temple_1, minmay_temple_entry_mini_moons,
          uniq_pikel, uniq_blork_the_orc, uniq_sigmund
D:5:      lemuel_doored_altar, first_ration, hangedman_decor_riveting
D:6:      chequers_temple_overflow_statue_of_worship, serial_shops,
          nicolae_shop_crystal, kennysheep_donut
D:7:      slow_altar_2, lemuel_zombie_altar_yredelemnul, okawaru_trees_2,
          gammafunk_temple_overflow_statue, serial_shops,
          nicolae_shop_behind_doors, nicolae_ossuary_entry_false_entrances
D:8:      serial_shops, shop, serial_gnoll_camp, gnoll_camp_medium_02,
          gnoll_camp_medium_01, gnoll_camp_mini_hut, gnoll_camp_mini_shop,
          gnoll_camp_huts_basic, hangedman_ranch
D:9:      orc_0_dummy, nicolae_gozag_zags_fifth_avenue, uniq_prince_ribbit1,
          uniq_joseph
D:10:     erik_lair_dragon, uniq_grum
D:11:     kennysheep_generic_room_13
Temple:   corrupted_temple
Lair:1:   st_stairs_11, minmay_lair_oklob_chamber, grunt_megastairs_3
Lair:2:   serial_forest, infiniplex_forest_straight_4,
          infiniplex_forest_clump_C, infiniplex_forest_straight_1,
          infiniplex_forest_lined_2, infiniplex_forest_lined_4_way,
          infiniplex_forest_clump_curved, infiniplex_forest_join,
          infiniplex_forest_lined_room_2
Lair:3:   minmay_shoals_entry_lonely_mermaid, gauntlet_entry_generic,
          basic_altar, roderic_batcave, minivault_25
Ossuary:  ossuary_zaba_flooded
Gauntlet: gammafunk_gauntlet_branching

Skill      XL: |  1  2  3  4  5  6  7  8  9 10 11 12 |
---------------+-------------------------------------+-----
Fire Magic     | 4 5 6 7 8 9 10 11 | 11.1
Spellcasting   | 4 6 7 9 10 11 13 14 | 14.0
Stealth        | 3 4 |  4.7
Conjurations   | 2 4 5 7 9 10 11 | 11.1
Armour         | 2 3 4 5 6 |  6.9
Dodging        | 3 4 |  4.5
Fighting       | 1 |  1.4
Evocations     | |  0.1

Action                   |  1- 3 |  4- 6 |  7- 9 | 10-12 || total
-------------------------+-------+-------+-------+-------++-------
Melee: Staff             |       |       |       |     1 ||     1
 Cast: Flame Tongue      |    74 |   122 |   194 |   163 ||   553
       Throw Flame       |       |    12 |    17 |    20 ||    49
       Conjure Flame     |       |     3 |     3 |     4 ||    10
       Sticky Flame      |       |     1 |    32 |    43 ||    76
       Fireball          |       |       |     4 |    95 ||    99
Evoke: Wand              |       |       |     1 |     2 ||     3
  Use: Scroll            |       |       |    10 |    19 ||    29
       Potion            |       |       |       |     1 ||     1
  Eat: Chunk             |     1 |     8 |    10 |    27 ||    46
       Ration            |       |       |     1 |       ||     1
Armor: Robe              |     3 |     6 |    19 |       ||    28
       Ring mail         |       |       |       |    25 ||    25
Dodge: Dodged            |    10 |    30 |    69 |    73 ||   182
       Deflected         |       |       |       |     5 ||     5

Table legend:
 A = Non-vault XP
 B = Vault XP
 C = Vault XP percentage of total XP
 D = Non-vault monster count
 E = Vault monster count
 F = Vault count percentage of total count
                 A         B        C        D         E       F
            +---------+---------+-------+---------+---------+-------
      Total |   14472 |   11465 |  44.2 |     215 |     125 |  36.8
            +---------+---------+-------+---------+---------+-------
        D:1 |      57 |       2 |   3.4 |      33 |       1 |   2.9
        D:2 |      61 |      35 |  36.5 |      19 |      11 |  36.7
        D:3 |      66 |       0 |   0.0 |      21 |       0 |   0.0
        D:4 |     161 |    1126 |  87.5 |      13 |       4 |  23.5
        D:5 |     270 |       0 |   0.0 |      13 |       0 |   0.0
        D:6 |    1610 |       0 |   0.0 |      14 |       0 |   0.0
        D:7 |     447 |      22 |   4.7 |      15 |       3 |  16.7
        D:8 |     449 |    3335 |  88.1 |      10 |      46 |  82.1
        D:9 |     635 |     754 |  54.3 |      16 |       2 |  11.1
       D:10 |    2627 |    1593 |  37.7 |      29 |      11 |  27.5
     Lair:1 |    4364 |    1904 |  30.4 |      19 |       6 |  24.0
     Lair:2 |    3382 |       0 |   0.0 |      12 |       0 |   0.0
     Lair:3 |     343 |     474 |  58.0 |       1 |       1 |  50.0
    Ossuary |       0 |     837 | 100.0 |       0 |      33 | 100.0
   Gauntlet |       0 |    1383 | 100.0 |       0 |       7 | 100.0
            +---------+---------+-------+---------+---------+-------
